Map: Baie du Roi EC

Players

Infinity - Winner!

  • Race: Protoss Protoss
  • Spawn Location: 11:00

IA (élite)

  • Race: Zerg Zerg
  • Spawn Location: 5:00

VOD

Have the link to the VOD?

Description

Time

  • Played on: April 27, 2019, 6:05 p.m.
  • Length: 6:50
Show
View Real Time Build Order
Export as new Build Order

Infinity Protoss - Winner!

Build Orders:  

Get SALT Encoding   

  12  0:00  Probe  
  13  0:13  Probe  
  14  0:20  Pylon  
  14  0:25  Probe  
  15  0:38  Probe  
  15  0:40  Gateway  
  16  0:50  Probe  
  16  0:51  Assimilator  
  17  1:02  Probe  
  18  1:14  Probe  
  19  1:27  Probe  
  20  1:34  Cybernetics Core  
  20  1:40  Assimilator, Probe  
  20  1:46  Pylon  
  21  1:52  Warp Gate  
  22  1:54  Probe  
  22  1:58  Pylon  
  22  2:04  Zealot  
  24  2:13  Twilight Council  
  24  2:16  Gateway  
  24  2:33  Zealot  
  26  2:39  Forge  
  26  2:40  Charge  
  26  2:56  Gateway  
  26  3:06  Protoss Ground Weapons Level 1  
  26  3:22  Gateway  
  26  3:25  Gateway  
  26  3:42  Zealot x2  
  30  3:51  Zealot  
  30  3:54  Pylon  
  32  4:19  Zealot x4  
  40  4:29  Zealot  
  42  4:40  Zealot x2  
  46  4:47  Pylon  
  46  5:04  Zealot x2  
  44  5:11  Zealot  
  44  5:12  Zealot  
  46  5:43  Zealot x3  
  52  5:55  Zealot x2  
Show
View Real Time Build Order
Export as new Build Order

IA (élite) Zerg 

Build Orders: Pool First 

Get SALT Encoding   

  12  0:00  Drone  
  13  0:13  Overlord  
  13  0:18  Drone  
  14  0:31  Drone x2  
  16  0:45  Spawning Pool  
  16  0:46  Drone  
  16  0:50  Drone  
  17  1:14  Hatchery  
  17  1:17  Drone  
  17  1:19  Extractor  
  17  1:23  Drone  
  17  1:26  Extractor  
  17  1:29  Drone  
  17  1:34  Drone  
  17  1:39  Drone  
  19  1:49  Overlord  
  19  2:02  Queen  
  19  2:08  Zergling x2  
  22  2:13  Drone  
  23  2:28  Queen  
  25  2:36  Drone  
  26  2:39  Drone  
  27  2:44  Drone  
  27  2:49  Drone  
  29  3:04  Roach Warren  
  28  3:06  Drone  
  28  3:08  Drone  
  28  3:12  Zergling x2  
  31  3:16  Zergling x2  
  32  3:22  Overlord  
  32  3:25  Drone  
  33  3:28  Drone  
  34  3:44  Roach x2  
  34  3:45  Roach x2  
  42  3:52  Lair  
  42  3:57  Overlord  
  42  4:02  Overlord  
  42  4:07  Zergling x2  
  42  4:09  Zergling x2  
  44  4:15  Zergling x2  
  44  4:16  Drone  
  47  4:17  Drone  
  47  4:19  Drone  
  47  4:21  Drone  
  50  4:24  Drone  
  50  4:29  Roach  
  52  4:31  Roach  
  52  4:36  Overlord  
  54  4:44  Drone  
  55  4:46  Drone  
  55  4:48  Drone  
  55  4:50  Drone  
  58  4:53  Drone, Infestation Pit  
  58  4:55  Zergling x2  
  58  4:58  Overlord  
  57  5:01  Zergling x2  
  57  5:06  Hydralisk Den  
  51  5:12  Roach  
  40  5:15  Roach  
  40  5:20  Zergling x2  
  37  5:24  Roach  
  37  5:28  Zergling x2  
  30  5:32  Drone  
  31  5:36  Hydralisk  
Tags
 
Matchup
PvZ
Opening
Pool First
Spawn Locations
Cross Positions
Add a new tag
Caveats
  • Supply blocks, unpowered buildings, or Contaminate may cause inaccurate times.
  • Supply counts are checked every 10 seconds.